 Dungeon Crawl Stone Soup version 0.30-a0-174-gbc10bd73c2 (webtiles) character file.

Game seed: 9515487128943326306

144 qw the Chopper (level 5, -5/32 HPs)
             Began as a Gargoyle Fighter on Oct 1, 2022.
             Slain by an ogre
             ... wielding a +0 giant club
              (17 damage)
             ... on level 4 of the Dungeon.
             The game lasted 00:00:54 (2231 turns).

qw the Chopper (Gargoyle Fighter)                   Turns: 2231, Time: 00:00:54

Health: -5/32      AC: 13    Str: 21    XL:     5   Next: 26%
Magic:  5/5        EV:  9    Int:  9    God:
Gold:   94         SH:  5    Dex: 15    Spells: 4/4 levels left

rFire   + . .      SeeInvis .    Y - +0 war axe
rCold   . . .      Faith    .    c - +0 buckler
rNeg    + . .      Spirit   .    b - +0 scale mail
rPois   inf        Reflect  .    (no helmet)
rElec   +          Harm     .    f - +1 cloak
rCorr   .          Rampage  .    (no gloves)
Will    .....                    (no boots)
Stlth   ..........               o - amulet of the acrobat
HPRegen 0.25/turn                n - +6 ring of dexterity
MPRegen 0.09/turn                (no ring)

@: no status effects
A: sickness immunity, AC +4, negative energy resistance 1, electricity
resistance, torment resistance 1, petrification resistance, fire resistance 1,
mutation resistance 1
a: no special abilities


You were on level 4 of the Dungeon.
You visited 1 branch of the dungeon, and saw 4 of its levels.

You collected 94 gold pieces.


Innate Abilities, Weirdness & Mutations

You are immune to sickness and miasma.
Your stone body is resilient. (AC +4)
You are immune to poison.
You resist negative energy. (rN+)
You are resistant to electric shocks. (rElec)
You are resistant to unholy torment.
You are immune to petrification.
Your flesh is heat resistant. (rF+)
You are somewhat resistant to further mutation.


   Skills:
 - Level 3.2 Fighting
 + Level 4.5 Axes
 - Level 3.2 Armour
 - Level 1.1 Dodging
 - Level 3.2 Shields


You had 4 spell levels left.
You didn't know any spells.
Your spell library was empty.

Inventory:

Hand Weapons
 e - a +0 whip
 Y - a +0 war axe (weapon)
Armour
 b - a +0 scale mail (worn)
 c - a +0 buckler (worn)
 f - a +1 cloak (worn)
 r - a +0 leather armour of fire resistance
Jewellery
 n - a +6 ring of dexterity (left hand)
 o - an amulet of the acrobat (around neck)
Scrolls
 a - a scroll of identify
Potions
 d - a potion of might
 g - a potion of invisibility {unknown}
 k - a potion of flight {unknown}
 l - 3 potions of attraction
 m - a potion of curing {unknown}
 p - a potion of mutation
 q - a potion of resistance {unknown}

Dungeon Overview and Level Annotations

Branches:
Dungeon (4/15)
 Temple: D:4-7

Altars:

Shops:
D:1 ?


Message History

The air fills with toxic fumes!
As you read the scroll labelled SAVILY SARCH, it crumbles to dust.
It was a scroll of poison.
Done exploring.
2107 ||| READING scroll labelled TAKLEG NA SYPT.
As you read the scroll labelled TAKLEG NA SYPT, it crumbles to dust.
The scroll dissolves into smoke.
It was a scroll of fog.
Done exploring.
2108 ||| DRINKING 2 red potions.
It was a potion of ambrosia.
You are confused.
You feel invigorated.
You start waiting.
You feel less invigorated.
You feel less confused.
Done waiting.
Done exploring.
2209 ||| DROPPING potion of ambrosia.
You drop a potion of ambrosia.
Done exploring.
(D) Dungeon
Where to? (* - list waypoints, Enter - D:3, ? - help)
What level of the Dungeon? (default 1, ? - help)
There is a stone staircase leading down here.
You climb downwards.
There is a stone staircase leading up here.
An ogre is nearby!
Existing waypoints: (1) D:2 (2) D:3 Assign waypoint to what number? (0-9, D - delete waypoint) Waypoint 1 re-assigned from D:2 to D:4.
You slash the ogre!
The ogre is heavily wounded.
The ogre hits you with a +0 giant club!
You barely miss the ogre.
The ogre is heavily wounded.
The ogre hits you with a +0 giant club.
You slash the ogre!
The ogre is almost dead.
The ogre hits you with a +0 giant club!
Ouch! That really hurt!
You die...

### ..#
#.#
#.#####..
#@O......
#.####...
..# ....
.....
......#
#.###+##
..


You could see an ogre.

Vanquished Creatures
  An iguana (D:3)
  4 adders
  2 worms (D:3)
  4 dart slugs
  An orc (D:3)
  2 bats
  7 endoplasms
  A giant cockroach (D:1)
  9 hobgoblins
  2 jackals (D:3)
  8 kobolds
  3 quokkas
  10 ball pythons
  3 frilled lizards
  3 goblins (D:1)
  7 rats
67 creatures vanquished.

Notes
Turn   | Place    | Note
-------+----------+-------------------------------------------
     0 | D:1      | qw the Gargoyle Fighter began the quest for the Orb.
     0 | D:1      | Reached XP level 1. HP: 14/14 MP: 1/1
     0 | D:1      | 0 ||| qw: Version: 0.2-a-13-gfc7b4b4
     0 | D:1      | 0 ||| qw: Game counter: 1853
     0 | D:1      | 0 ||| qw: Always use a shield: true
     0 | D:1      | 0 ||| qw: God list: Okawaru
     0 | D:1      | 0 ||| qw: Allow faded altars: false
     0 | D:1      | 0 ||| qw: Do Orc after D:15 true
     0 | D:1      | 0 ||| qw: Do second Lair branch before Depths: true
     0 | D:1      | 0 ||| qw: Lair rune preference: random
     0 | D:1      | 0 ||| qw: Plans: Normal, Zot:1-4, God:TSO, Crypt, Tomb,
                  | Pan, Slime:5, Hells, Abyss, Orb
     0 | D:1      | 0 ||| PLANNING D:1-11
    25 | D:1      | Found Oskut's Magic Scroll Emporium.
    35 | D:1      | 35 ||| SHOPLISTING scroll of enchant armour (105 gold, have
                  | 12).
    35 | D:1      | 35 ||| SHOPLISTING scroll of teleportation (42 gold, have
                  | 12).
    40 | D:1      | Reached skill level 2 in Axes
    72 | D:1      | Found a faded altar of an unknown god.
   193 | D:1      | Reached XP level 2. HP: 19/19 MP: 2/2
   195 | D:1      | 195 ||| Stepping ~*~*~tactically~*~*~ (stealth).
   558 | D:1      | Reached skill level 3 in Axes
   711 | D:1      | Reached XP level 3. HP: 23/23 MP: 3/3
   925 | D:1      | 925 ||| READING 2 scrolls labelled WIJ FUSUGGUAGE.
   926 | D:1      | 926 ||| READING scroll labelled UQUOTO DOTUIQ.
  1393 | D:2      | 1393 ||| UPGRADING to +1 cloak.
  1398 | D:2      | 1398 ||| UPGRADING to +6 ring of dexterity.
  1399 | D:2      | 1399 ||| READING scroll labelled XUECECV NEVIG.
  1402 | D:2      | 1402 ||| READING scroll labelled ISOIKHL YXTY.
  1403 | D:2      | 1403 ||| DRINKING 2 fuming ruby potions.
  1404 | D:2      | 1404 ||| DRINKING 2 purple potions.
  1404 | D:2      | Gained mutation: Your flesh is heat resistant. (rF+)
                  | [potion of mutation]
  1404 | D:2      | Gained mutation: You are somewhat resistant to further
                  | mutation. [potion of mutation]
  1457 | D:3      | Reached XP level 4. HP: 28/28 MP: 4/4
  1525 | D:3      | Reached skill level 1 in Dodging
  1609 | D:3      | Reached skill level 4 in Axes
  1696 | D:3      | Reached XP level 5. HP: 28/32 MP: 5/5
  1696 | D:3      | 1696 ||| FLEEEEING.
  1697 | D:3      | 1697 ||| FLEEEEING.
  1698 | D:3      | 1698 ||| FLEEEEING.
  1714 | D:3      | 1714 ||| Stepping ~*~*~tactically~*~*~ (stealth).
  1740 | D:3      | 1740 ||| Stepping ~*~*~tactically~*~*~ (hiding).
  1786 | D:3      | 1786 ||| Stepping ~*~*~tactically~*~*~ (hiding).
  2100 | D:3      | 2100 ||| DROPPING orb of energy.
  2101 | D:3      | 2101 ||| UPGRADING to amulet of the acrobat.
  2106 | D:3      | 2106 ||| READING scroll labelled SAVILY SARCH.
  2107 | D:3      | 2107 ||| READING scroll labelled TAKLEG NA SYPT.
  2108 | D:3      | 2108 ||| DRINKING 2 red potions.
  2209 | D:3      | 2209 ||| DROPPING potion of ambrosia.
  2225 | D:4      | Noticed an ogre
  2231 | D:4      | Slain by an ogre

Levels and vault maps discovered:
D:1:      pf_arrival_petrified_forest, layout_basic,
          chequers_ecumenical_altar_island, serial_shops,
          nicolae_shop_competitors_out_of_business
D:2:      layout_basic, nrook_mini_backslash, minmay_tall_x
D:3:      layout_rooms
D:4:      layout_basic

Skill      XL: |  1  2  3  4 |
---------------+-------------+-----
Axes           | 2 3 4 |  4.5
Dodging        | 1 |  1.1
Fighting       | |  3.2
Armour         | |  3.2
Shields        | |  3.2

Action                   |  1- 3 |  4- 6 || total
-------------------------+-------+-------++-------
Melee: War axe           |    64 |    55 ||   119
Throw: Boomerang         |    60 |     9 ||    69
  Use: Scroll            |     4 |     2 ||     6
       Potion            |     2 |     1 ||     3
Armor: Scale mail        |    25 |    13 ||    38
Dodge: Dodged            |    25 |    20 ||    45
Block: Buckler           |    12 |    14 ||    26

Table legend:
 A = Non-vault XP
 B = Vault XP
 C = Vault XP percentage of total XP
 D = Non-vault monster count
 E = Vault monster count
 F = Vault count percentage of total count
                 A         B        C        D         E       F
            +---------+---------+-------+---------+---------+-------
      Total |     199 |       7 |   3.4 |      63 |       4 |   6.0
            +---------+---------+-------+---------+---------+-------
        D:1 |      37 |       0 |   0.0 |      22 |       0 |   0.0
        D:2 |      34 |       7 |  17.1 |      15 |       4 |  21.1
        D:3 |     128 |       0 |   0.0 |      26 |       0 |   0.0
            +---------+---------+-------+---------+---------+-------
